 Dungeon Crawl Stone Soup version 0.30-a0-719-gcc4359ea44 (webtiles) character file.

Game seed: 16690348761869106769

67 NinjaNoafa the Digger (level 4, 0/24 HPs)
             Began as a Gargoyle Earth Elementalist on Jan 26, 2023.
             Slain by an orc
             ... wielding a +0 whip
              (3 damage)
             ... on level 3 of the Dungeon.
             The game lasted 00:02:40 (1939 turns).

NinjaNoafa the Digger (Gargoyle Earth Elementalist) Turns: 1939, Time: 00:02:40

Health: 0/24       AC:  5    Str: 11    XL:     4   Next: 16%
Magic:  0/18       EV: 11    Int: 18    God:
Gold:   118        SH:  0    Dex: 10    Spells: 9/10 levels left

rFire   . . .      SeeInvis .    h - +2 whip (flame)
rCold   . . .      Faith    .    (no shield)
rNeg    + . .      Spirit   +    a - +0 robe
rPois   ∞          Reflect  .    (no helmet)
rElec   +          Harm     .    (no cloak)
rCorr   .          Rampage  .    (no gloves)
Will    .....                    (no boots)
Stlth   ++                       c - amulet of guardian spirit
HPRegen 0.24/turn                i - ring of magical power
MPRegen 0.16/turn                (no ring)

@: flying
A: sickness immunity, AC +3, negative energy resistance 1, electricity
resistance, torment resistance 1, petrification resistance
a: no special abilities


You were on level 3 of the Dungeon.
You visited 1 branch of the dungeon, and saw 3 of its levels.

You collected 118 gold pieces.

Inventory:

Hand Weapons
 h - a +2 whip of flaming (weapon)
Missiles
 j - 3 boomerangs
Armour
 a - a +0 robe (worn)
Jewellery
 c - an amulet of guardian spirit (around neck)
 i - a ring of magical power (left hand)
Scrolls
 d - a scroll of enchant weapon {unknown}
 e - a scroll of blinking {unknown}
 g - a scroll of torment {unknown}
 k - a scroll of magic mapping {unknown}
Potions
 b - a potion of magic


   Skills:
 - Level 1.5 Dodging
 - Level 3.0 Stealth
 + Level 3.6 Spellcasting
 + Level 0.7 Transmutations
 + Level 3.6 Earth Magic


You had 9 spell levels left.
You knew the following spells:

 Your Spells              Type           Power      Damage    Failure   Level
a - Sandblast             Erth           32%        2d9       3%          1

Your spell library contained the following spells:

 Spells                   Type           Power      Damage    Failure   Level
 Passwall                 Tmut/Erth      9%         N/A       10%         2
 Stone Arrow              Conj/Erth      18%        3d8       22%         3
 Petrify                  Tmut/Erth      11%        N/A       52%         4


Dungeon Overview and Level Annotations

Branches:
Dungeon (3/15)

Altars:


Innate Abilities, Weirdness & Mutations

You are immune to sickness and miasma.
Your stone body is resilient. (AC +3)
You are immune to poison.
You resist negative energy. (rN+)
You are resistant to electric shocks. (rElec)
You are resistant to unholy torment.
You are immune to petrification.


Message History

Confirm with . or Enter, or press ? or * to list all spells.
Aiming: Sandblast (safe; 3% risk of failure)
Press: ? - help, Shift-Dir - straight line, f/p - orc wizard
Aim: an orc wizard, wielding a +0 dagger and wearing a +0 robe (moderately wounded, 77% to hit)
The blast of sand hits the orc wizard!
The orc wizard is almost dead.
The orc closely misses you. The orc hits you with a +0 whip.
* * * LOW HITPOINT WARNING * * *
The orc wizard gestures wildly while chanting.
The orc wizard flickers and vanishes!
The orc hits you but does no damage. Something hits you but does no damage.
The orc hits you with a +0 flail.
* * * LOW HITPOINT WARNING * * *
Casting: Sandblast (safe; 3% risk of failure)
Confirm with . or Enter, or press ? or * to list all spells.
Aiming: Sandblast (safe; 3% risk of failure)
Press: ? - help, Shift-Dir - straight line The blast of sand hits something but does no damage.
The orc closely misses you. The orc hits you with a +0 flail.
* * * LOW HITPOINT WARNING * * *
Something hits you.
* * * LOW HITPOINT WARNING * * *
It was a potion of flight.
You feel very buoyant.
You fly up into the air.
The orc barely misses you. The orc closely misses you.
Something hits you but does no damage.
It was a potion of curing.
You feel better. The orc hits you but does no damage.
The orc barely misses you. Something hits you but does no damage.
You closely miss something. The orc hits you but does no damage.
Something hits you.
* * * LOW HITPOINT WARNING * * *
The orc hits you with a +0 whip.
* * * LOW HITPOINT WARNING * * *
You hit something. You burn something. The orc hits you but does no damage.
The orc hits you with a +0 flail.
* * * LOW HITPOINT WARNING * * *
Something hits you.
* * * LOW HITPOINT WARNING * * *
You hit the orc but do no damage. The orc hits you with a +0 whip.
You die...

#..#.#.#.#.#.#.#.##
#.....#...#..)#=..#
###.##.#.#.#.#?#.#.##
...#.#...#...#...#.#
#.##.#†#.#.#.#.#.##
#.....#...#...#....#
####.##.#.#.#.#.#[#.#.#
###
#....#o#o..#...#...#..#
..#
#.#..##@#{#.#.#.#.#.#.#
#.#
#.#.####{######...###.#
#.# #.#.# #............
#.# #.#.# #########..##
#.######.#.# ..#
#<.........#
#..#####.### #..# #.#
#..#####†#


You could see 2 orcs.

Vanquished Creatures
  An adder (D:2)
  2 orcs
  5 ball pythons (D:1)
  6 bats
  4 endoplasms
  2 giant cockroaches (D:1)
  5 goblins
  4 hobgoblins (D:1)
  6 kobolds
  4 quokkas
  5 frilled lizards
  5 rats
49 creatures vanquished.

Notes
Turn   | Place    | Note
-------+----------+-------------------------------------------
     0 | D:1      | NinjaNoafa the Gargoyle Earth Elementalist began the quest
                  | for the Orb.
     0 | D:1      | Reached XP level 1. HP: 10/10 MP: 3/3
   118 | D:1      | You fall into a shaft and drop 1 floor!
   168 | D:2      | Reached XP level 2. HP: 15/15 MP: 1/5
   398 | D:1      | Reached XP level 3. HP: 19/19 MP: 4/7
  1320 | D:2      | Reached XP level 4. HP: 24/24 MP: 6/9
  1372 | D:2      | Found a faded altar of an unknown god.
  1934 | D:3      | HP: 1/24 [something (1)]
  1939 | D:3      | Slain by an orc

Illustrated notes

Levels and vault maps discovered:
D:1:      dpeg_arrival_tiny_k, layout_loops_cross
D:2:      layout_rooms, ebering_ecumenical_altar_box
D:3:      layout_loops_ring, mainiacjoe_overflow_small_starburst, st_stairs_7,
          kennysheep_crisscross, uniq_robin, uniq_terence, uniq_natasha

Skill      XL: |  1  2  3 |
---------------+----------+-----
Stealth        | 3 |  3.0
Spellcasting   | 3 |  3.6
Dodging        | |  1.5
Transmutations | |  0.7
Earth Magic    | |  3.6

Action                     |  1- 3 |  4- 6 || total
---------------------------+-------+-------++-------
  Melee: Dagger            |     4 |       ||     4
         Whip              |     7 |     4 ||    11
   Cast: Sandblast         |    50 |    18 ||    68
    Use: Potion            |       |     2 ||     2
 Armour: Robe              |    13 |    12 ||    25
  Dodge: Dodged            |    22 |     9 ||    31

Table legend: (Time is in decaauts)
 A = Elapsed time spent in this place.
 B = Non-inter-level travel time spent in this place.
 C = Inter-level travel time spent in this place.
 D = Time resting spent in this place.
 E = Time spent auto-exploring this place.
 F = Levels seen in this place.
 G = Mean time per level.
                   A        B        C        D        E       F      G
               +--------+--------+--------+--------+--------+-----+--------+
         Total |   1972 |   1913 |     59 |      0 |   1619 |   3 |  657.3 |
       Dungeon |   1972 |   1913 |     59 |      0 |   1619 |   3 |  657.3 |
               +--------+--------+--------+--------+--------+-----+--------+

Top non-repeatable levels by time:
     D:1: 1066 daAuts
     D:2: 782 daAuts
     D:3: 123 daAuts
